 Dungeon Crawl Stone Soup version 0.29.1-14-g9c671dbff4 (webtiles) character file.

Game seed: 9802859305769396426

85 theswoord the Digger (level 4, -10/36 HPs)
             Began as a Gargoyle Earth Elementalist on Feb 13, 2023.
             Mangled by an ogre
             ... wielding a +0 giant club
              (14 damage)
             ... on level 3 of the Dungeon.
             The game lasted 00:06:28 (2998 turns).

theswoord the Digger (Gargoyle Earth Elementalist)  Turns: 2998, Time: 00:06:29

Health: -10/36     AC: 22    Str:  9    XL:     4   Next: 48%
Magic:  8/8        EV:  2    Int: 18    God:
Gold:   177        SH:  0    Dex: 10    Spells: 8/9 levels left

rFire   . . .      SeeInvis .   k - +0 whip (drain)
rCold   . . .      Faith    .   (no shield)
rNeg    + . .      Spirit   .   (body armour currently unavailable)
rPois   ∞          Reflect  .   (helmet currently unavailable)
rElec   .          Harm     .   (cloak currently unavailable)
rCorr   .          Rampage  .   (gloves currently unavailable)
Will    .....      NoTele   +   (boots currently unavailable)
Stlth   ++........              (no amulet)
HPRegen 0.12/turn               (no ring)
MPRegen 0.11/turn               (no ring)

@: tree-form
A: stationary, stasis, torment immunity, boosted hp, sickness immunity, AC +3,
negative energy resistance 1, (electricity resistance), torment resistance 1,
petrification resistance, weak 1, evolution 1
a: no special abilities


You were on level 3 of the Dungeon.
You were a tree.
You visited 1 branch of the dungeon, and saw 3 of its levels.

You collected 177 gold pieces.

Inventory:

Hand Weapons
 d - a +0 short sword
 h - a +0 vampiric dagger
 k - a +0 whip of draining (weapon)
Missiles
 c - 3 stones
Armour
 a - a +0 robe (melded)
 n - a +0 helmet
 o - a +0 pair of boots
Scrolls
 j - a scroll of amnesia
 l - a scroll of noise
 p - 5 scrolls of identify
Potions
 b - a potion of magic
 e - a potion of flight
 f - 4 potions of mutation
 i - 2 potions of brilliance
 m - a potion of berserk rage {unknown}
 q - a potion of ambrosia {unknown}
 r - a potion of haste {unknown}
 s - a potion of degeneration {unknown}
 t - a potion of heal wounds {unknown}


   Skills:
 - Level 1.5 Dodging
 - Level 2.1 Stealth
 + Level 3.2 Spellcasting
 - Level 0.7 Transmutations
 + Level 5.1 Earth Magic


You had 8 spell levels left.
You knew the following spells:

 Your Spells              Type           Power      Damage    Failure   Level
a - Sandblast             Erth           42%        2d11      1%          1

Your spell library contained the following spells:

 Spells                   Type           Power      Damage    Failure   Level
 Passwall                 Tmut/Erth      10%        N/A       8%          2
 Stone Arrow              Conj/Erth      24%        3d8       17%         3
 Petrify                  Tmut/Erth      13%        N/A       43%         4


Dungeon Overview and Level Annotations

Branches:
Dungeon (3/15)

Altars:
Nemelex Xobeh

Shops:
D:2 [[[*?


Innate Abilities, Weirdness & Mutations

You are a tree.
Your roots penetrate the ground, keeping you stationary.
You cannot be teleported.
You are immune to unholy pain and torment.
Your maximum health is greatly increased.
Your equipment is partially melded.
You are immune to sickness and miasma.
((Your stone body is resilient. (AC +3)))
You are immune to poison.
You resist negative energy. (rN+)
((You are resistant to electric shocks. (rElec)))
You are resistant to unholy torment.
You are immune to petrification.
You are weak. (Str -2)
You have hidden genetic potential.


Message History

You hit the jackal but do no damage. You drain the jackal.
The jackal is heavily wounded.
The jackal barely misses you. x3
The jackal attacks as you move away! The jackal bites you.
Okay, then.
It was a potion of flight.
You feel very buoyant.
You fly up into the air.
The jackal barely misses you.
It was a potion of mutation.
You feel extremely strange.
You feel a hidden potential growing inside you.
You feel weaker. The jackal barely misses you.
It was a potion of lignification.
You turn into a tree.
Your +0 robe melds into your body.
Your roots penetrate the ground.
The jackal bites you but does no damage.
You hit the jackal.
The jackal is almost dead.
The jackal bites you but does no damage. x2
You hit the jackal but do no damage. You drain the jackal.
You kill the jackal!
The jackal bites you but does no damage.
You barely miss the jackal.
The jackal bites you but does no damage.
You hit the jackal. You drain the jackal.
The jackal is almost dead.
The jackal bites you but does no damage. x2
You hit the jackal but do no damage. You drain the jackal.
You kill the jackal!
The ogre hits you with a +0 giant club!
* * * LOW HITPOINT WARNING * * *
You hit the ogre.
The ogre is lightly wounded.
You hit the ogre. You drain the ogre.
The ogre is moderately wounded.
The ogre hits you with a +0 giant club!
* * * LOW HITPOINT WARNING * * *
You hit the ogre. You drain the ogre.
The ogre is heavily wounded.
The ogre hits you with a +0 giant club!
You die...

#..###< ###### #....O.
.....## ##.#### ##...##
#.# ##.....####.###
..######.......#.....#
#................###.##
#####O.......#.# #... #
#♣##.....##.###...
..........#.............
##.####.#.#.############
##...#### ##.....#
###### #####.# #.....
#.# #.#### #.# #.# #.#
#.#


You could see an ogre (very drained).

Vanquished Creatures
  Robin (D:2)
  An adder (D:3)
  A dart slug (D:1)
  2 endoplasms (D:1)
  A giant cockroach (D:1)
  11 goblins
  9 hobgoblins
  4 jackals
  2 quokkas
  4 ball pythons
  5 bats (D:2)
  2 frilled lizards
  9 kobolds
  3 rats
55 creatures vanquished.

Notes
Turn   | Place    | Note
-------+----------+-------------------------------------------
     0 | D:1      | theswoord the Gargoyle Earth Elementalist began the quest
                  | for the Orb.
     0 | D:1      | Reached XP level 1. HP: 10/10 MP: 3/3
   626 | D:1      | Reached XP level 2. HP: 15/15 MP: 3/5
   670 | D:1      | Reached skill level 4 in Earth Magic
  1275 | D:1      | Reached XP level 3. HP: 15/19 MP: 4/6
  1551 | D:2      | Found a sparkling altar of Nemelex Xobeh.
  1573 | D:2      | Found Fokay's Armour Emporium.
  1708 | D:2      | Noticed Robin
  1716 | D:2      | Killed Robin
  1977 | D:2      | Found Yblac's Armour Shop.
  2020 | D:2      | Reached XP level 4. HP: 24/24 MP: 6/8
  2124 | D:2      | Found Qadevuh's Antique Armour Emporium.
  2142 | D:2      | Found Faeklisi's Assorted Antiques.
  2144 | D:2      | Found Widedylu's Magic Scroll Emporium.
  2203 | D:2      | Found a faded altar of an unknown god.
  2404 | D:3      | Reached skill level 5 in Earth Magic
  2588 | D:3      | Noticed an ogre
  2989 | D:3      | Gained mutation: You have hidden genetic potential. [potion
                  | of mutation]
  2989 | D:3      | Gained mutation: You are weak. (Str -2) [potion of
                  | mutation]
  2998 | D:3      | Mangled by an ogre

Skill      XL: |  1  2  3  4 |
---------------+-------------+-----
Earth Magic    | 4 5 |  5.1
Spellcasting   | 3 |  3.2
Dodging        | |  1.5
Stealth        | |  2.1
Transmutations | |  0.7

Action                   |  1- 3 |  4- 6 || total
-------------------------+-------+-------++-------
Melee: Unarmed           |    13 |       ||    13
       Short sword       |    21 |       ||    21
       Dagger            |    67 |     6 ||    73
       Whip              |       |    18 ||    18
 Cast: Sandblast         |    39 |    19 ||    58
  Use: Scroll            |     3 |     3 ||     6
       Potion            |       |     3 ||     3
 Stab: Distracted        |     1 |       ||     1
       Sleeping          |       |     1 ||     1
Armor: Robe              |    63 |    13 ||    76
       Skin              |       |     7 ||     7
Dodge: Dodged            |    89 |    21 ||   110

Levels and vault maps discovered:
D:1:      minmay_arrival_wavy_path, layout_basic
D:2:      layout_basic, basic_altar, serial_shops, shop, nicolae_shop_trees,
          shop, shop_fountains, nicolae_shop_statue_plus,
          shapermc_ecumenical_altar_notcrosses, uniq_robin
D:3:      layout_loops_ring, serial_shops, shop_scrolls
